 Dungeon Crawl Stone Soup version 0.29-a0-284-gf9362112df (webtiles) character file.

Game seed: 11590707679179051641

114 GigaChad the Skirmisher (level 4, -1/40 HPs)
             Began as a Draconian Abyssal Knight on Apr 1, 2022.
             Was a Priest of Lugonu.
             Slain by a quokka (2 damage)
             ... on level 3 of the Dungeon.
             The game lasted 00:10:33 (1730 turns).

GigaChad the Skirmisher (Draconian Abyssal Knight)  Turns: 1730, Time: 00:10:34

Health: -1/40      AC:  5    Str: 15    XL:     4   Next: 67%
Magic:  5/5        EV: 13    Int: 10    God:    Lugonu [***...]
Gold:   93         SH:  0    Dex: 14    Spells: 3/3 levels left

rFire   . . .      SeeInvis .   a - +2 falchion
rCold   . . .      Faith    .   (no shield)
rNeg    . . .      Spirit   .   (body armour unavailable)
rPois   .          Reflect  .   (helmet restricted)
rElec   .          Harm     .   (no cloak)
rCorr   .          Rampage  .   (no gloves)
Will    .....                   (no boots)
Stlth   +.........              (no amulet)
HPRegen 0.13/turn               (no ring)
MPRegen 0.09/turn               (no ring)

@: no status effects
A: AC +5, unfitting armour, cold-blooded
a: Renounce Religion, Depart the Abyss, Bend Space, Banish


You were on level 3 of the Dungeon.
You worshipped Lugonu.
Lugonu was most pleased with you.
You visited 1 branch of the dungeon, and saw 3 of its levels.
You visited the Abyss 1 time.

You collected 93 gold pieces.

Inventory:

Hand Weapons
 a - a +2 falchion (weapon)
 b - a +0 spear
Armour
 e - a +1 plate armour
 f - a +0 plate armour
 i - a +0 scale mail
 k - a +1 scale mail of fire resistance
Scrolls
 j - a scroll of enchant armour
Potions
 c - 2 potions of haste {unknown}
 d - 2 potions of brilliance {unknown}
 g - a potion of might {unknown}
 h - 2 potions of curing {unknown}


   Skills:
 + Level 3.9 Fighting
 + Level 3.4 Long Blades
 + Level 3.3 Dodging
 + Level 0.3 Stealth
 + Level 2.0 Invocations


You had 3 spell levels left.
You didn't know any spells.
Your spell library was empty.

Dungeon Overview and Level Annotations

Branches:
Dungeon (3/15)

Altars:


Innate Abilities, Weirdness & Mutations

Your plain brown scales are hard. (AC +5)
You cannot fit into any form of body armour.
You are cold-blooded and may be slowed by cold attacks.


Message History

The jackal closely misses you.
You hit the jackal.
The jackal is severely wounded.
The kobold hits you with a +0 dagger.
* * * LOW HITPOINT WARNING * * *
The jackal misses you. The kobold hits you but does no damage.
You hit the jackal but do no damage.
The jackal is severely wounded.
The jackal misses you. The jackal bites you.
* * * LOW HITPOINT WARNING * * *
The kobold hits you but does no damage.
You closely miss the jackal.
The jackal is severely wounded.
The jackal bites you but does no damage.
The kobold closely misses you. The jackal bites you.
* * * LOW HITPOINT WARNING * * *
You slash the jackal!
You kill the jackal!
Lugonu accepts your kill. The kobold hits you with a +0 dagger.
* * * LOW HITPOINT WARNING * * *
The jackal barely misses you.
You closely miss the jackal.
The jackal bites you but does no damage.
The kobold barely misses you.
The jackal bites you but does no damage.
The jackal barely misses you.
You hit the jackal.
The jackal is almost dead.
The jackal closely misses you.
You hit the jackal but do no damage. You tail-slap the jackal.
You kill the jackal!
Lugonu accepts your kill. The kobold barely misses you. The kobold misses you.
You closely miss the quokka. The quokka barely misses you.
The kobold hits you with a +0 dagger.
* * * LOW HITPOINT WARNING * * *
The quokka barely misses you. The quokka bites you.
You die...

,,,,,..#,*.....*#........###.# #.
*,,*,,...,...#.##.......†'...# #.
,,,,,,##(##.....#........##### #.
,,***,*...#.**#...##....##**,*##.
*,*,,,,,,...,,#.#.##....+,,*.....
,,***,*,,,#.###..)##....#*,*.####
*,,,,,*#.##.)....###....#*,*,##.#
,,,*,.......)#.Kr###....##.#,#...
*,,,,..#.#......@........#.#,##>#
*,,,,*,#,#.#.###.###.###.#.#.#...
*,,,,,,**#....,..................
*****,,,..?#....####....#.##.....
*,*.#..##...* #......#....##
*,*.$.,*#...* #......##.##*#
*,*##,,*#...* #.8..8....≈≈≈≈ **
*,* *,,,....####.8..8.≈≈≈≈≈≈≈
≈****,***,,***,...(..≈..≈≈≈≈≈≈≈≈≈


You could see a quokka and a kobold.

Vanquished Creatures
  A hound (D:3)
  4 adders
  A dart slug (D:2)
  An orc (D:3)
  6 ball pythons
  6 bats
  5 endoplasms
  A giant cockroach (D:2)
  4 goblins
  3 jackals (D:3)
  3 frilled lizards
  9 kobolds
  2 rats (D:1)
46 creatures vanquished.

Notes
Turn   | Place    | Note
-------+----------+-------------------------------------------
     0 | Abyss:1  | GigaChad the Draconian Abyssal Knight began the quest for
                  | the Orb.
     0 | Abyss:1  | Reached XP level 1. HP: 19/19 MP: 2/2
    10 | D:1      | Escaped the Abyss
    53 | D:1      | Found a faded altar of an unknown god.
   308 | D:1      | Reached XP level 2. HP: 5/26 MP: 3/3
   950 | D:2      | Reached XP level 3. HP: 33/33 MP: 4/4
  1568 | D:3      | Reached XP level 4. HP: 13/40 MP: 5/5
  1686 | D:3      | Reached *** piety under Lugonu
  1721 | D:3      | HP: 2/40 [kobold/+0 dagger (2)]
  1728 | D:3      | HP: 1/40 [kobold/+0 dagger (2)]
  1730 | D:3      | Slain by a quokka

Illustrated notes

Levels and vault maps discovered:
D:1:      dpeg_arrival_leaves_temple_mockup, layout_loops_ring,
          basic_ecumenical_altar
D:2:      layout_rooms
D:3:      wander_river, layout_basic, roderic_nine_men_s_morris,
          minmay_fractal_squares_5

Skill      XL: |  1  2  3 |
---------------+----------+-----
Long Blades    | 3 |  3.4
Dodging        | 3 |  3.3
Fighting       | |  3.9
Stealth        | |  0.3
Invocations    | |  2.0

Action                   |  1- 3 |  4- 6 || total
-------------------------+-------+-------++-------
Melee: Falchion          |   105 |    36 ||   141
       Tailslap          |    13 |     3 ||    16
       Punch             |     2 |       ||     2
  Use: Scroll            |     6 |       ||     6
Armor: Skin              |    58 |    23 ||    81
Dodge: Dodged            |   131 |    51 ||   182

Table legend: (Time is in decaauts)
 A = Elapsed time spent in this place.
 B = Non-inter-level travel time spent in this place.
 C = Inter-level travel time spent in this place.
 D = Time resting spent in this place.
 E = Time spent auto-exploring this place.
 F = Levels seen in this place.
 G = Mean time per level.
                   A        B        C        D        E       F      G
               +--------+--------+--------+--------+--------+-----+--------+
         Total |   1753 |   1753 |      0 |      0 |      0 |   4 |  438.2 |
       Dungeon |   1743 |   1743 |      0 |      0 |      0 |   3 |  581.0 |
         Abyss |     10 |     10 |      0 |      0 |      0 |   1 |   10.0 |
               +--------+--------+--------+--------+--------+-----+--------+

Top non-repeatable levels by time:
     D:1: 819 daAuts
     D:2: 486 daAuts
     D:3: 437 daAuts
 Abyss:1: 10 daAuts
